AoeStats
← Yetasamurai

Black Forest

509451884Analyzed
2v2 RM · 7d ago on Sep 26, 2026· 57m 42s· 4 players
Game mode
Random Map
Map size
Medium (4 player)
Population
200
Speed
Normal
Resources
Standard
Victory
Conquest
Starting age
Dark Age
Ending age
Imperial Age
RankedLock teamsTeams togetherTeam positionsShared explorationLock speedFull tech treeHidden civsTurbo modeCheats
Victory
Defeat
🇪🇸 Bohemians · Spain
752
+14
🇪🇸 Vietnamese · Spain
624
+19
🇦🇷 Japanese · Argentina
725
-18
🇺🇸 Bohemians · United States
673
-36
Tribamell
1:38 Loom
14:03 Feudal Age
15:25 Double-Bit Axe
16:30 Arson
16:43 Horse Collar
27:22 Forging
27:13 Scale Mail Armor
27:04 Fletching
27:18 Scale Mail Armor
31:49 Castle Age
36:12 Caravan
43:02 Imperial Age
41:18 Chain Mail Armor
41:38 Iron Casting
40:59 Bodkin Arrow
41:59 Ballistics
42:42 Chemistry
42:03 Ballistics
41:40 Murder Holes
41:56 Fortified Wall
42:15 Bow Saw
42:09 Heavy Plow
43:38 Houfnice
45:44 Two-Man Saw
44:20 Pikeman
45:47 Wheelbarrow
46:21 Siege Engineers
46:31 Masonry
48:18 Elite Hussite Wagon
51:25 Conscription
RicoTico
0:27 Loom
14:28 Feudal Age
14:54 Horse Collar
15:00 Double-Bit Axe
18:32 Wheelbarrow
24:21 Castle Age
23:02 Fletching
23:18 Scale Barding Armor
23:11 Gold Mining
23:13 Stone Mining
25:59 Hand Cart
25:48 Town Watch
26:15 Bow Saw
26:07 Heavy Plow
25:37 Elite Skirmisher
28:48 Bodkin Arrow
28:53 Padded Archer Armor
29:38 Thumb Ring
31:24 Town Patrol
33:30 Pikeman
34:31 Leather Archer Armor
34:42 Ballistics
34:18 Murder Holes
34:03 Treadmill Crane
39:44 Imperial Age
39:39 Chatras
40:52 Caravan
42:50 Two-Man Saw
42:24 Crop Rotation
41:59 Bracer
42:29 Ring Archer Armor
42:05 Scale Barding Armor
43:03 Chemistry
42:08 Siege Engineers
41:39 Imperial Skirmisher
42:57 Paper Money
44:36 Husbandry
45:49 Coinage
51:41 Bloodlines
51:54 Chain Barding Armor
51:45 Forging
50:58 Elite Battle Elephant
WovenToast34363
14:36 Feudal Age
27:52 Scale Barding Armor
32:31 Castle Age
32:38 Padded Archer Armor
32:28 Double-Bit Axe
36:13 Elite Skirmisher
38:53 Wheelbarrow
38:56 Fletching
39:23 Leather Archer Armor
44:29 Imperial Age
43:57 Pikeman
45:23 Bow Saw
45:46 Ring Archer Armor
46:34 Cavalier
50:42 Bodkin Arrow
55:35 Chain Barding Armor
Yetasamurai
0:58 Loom
15:12 Feudal Age
16:41 Gold Mining
16:41 Stone Mining
16:40 Double-Bit Axe
18:37 Wheelbarrow
17:58 Horse Collar
23:13 Castle Age
22:22 Forging
22:12 Scale Mail Armor
22:18 Scale Barding Armor
22:11 Fletching
22:21 Padded Archer Armor
22:41 Padded Archer Armor
25:28 Gold Shaft Mining
25:12 Pikeman
25:52 Squires
29:37 Heavy Plow
29:39 Bodkin Arrow
30:20 Iron Casting
29:45 Crossbowman
32:44 Iron Casting
32:24 Chain Mail Armor
32:44 Iron Casting
32:25 Leather Archer Armor
32:51 Ballistics
32:12 Treadmill Crane
34:13 Hand Cart
34:52 Thumb Ring
39:05 Imperial Age
39:12 Arbalester
40:28 Yasama
43:32 Blast Furnace
42:43 Bracer
43:14 Ring Archer Armor
44:27 Elite Samurai
48:52 Onager
51:01 Chemistry
55:27 Cavalier
56:08 Husbandry
Connection lost

Rejoining the realm…

Still unreachable

The connection could not be restored.

Session expired

The server has moved on; the page needs a fresh start.